 Dungeon Crawl Stone Soup version 0.26.0-10-g1f06aea511 (webtiles) character file.

Game seed: 2897863169740540514

25 sanka the Covert (level 3, -1/34 HPs)
             Began as a Naga Delver on Jan 20, 2021.
             Slain by Sigmund
             ... wielding a +1 scythe of flaming
              (7 damage)
             ... on level 4 of the Dungeon.
             The game lasted 00:01:25 (316 turns).

sanka the Covert (Naga Delver)                       Turns: 316, Time: 00:01:26

Health: -1/34      AC:  3    Str: 14    XL:     3   Next: 4%
Magic:  3/3        EV:  9    Int: 11    God:
Gold:   0          SH:  0    Dex: 12    Spells: 2/2 levels left

rFire    . . .     SeeInvis +   a - +0 hand axe
rCold    . . .     Faith    .   (no shield)
rNeg     . . .     Spirit   .   b - +0 leather armour
rPois    +         Reflect  .   (no helmet)
rElec    .         Harm     .   h - +0 cloak
rCorr    .         Rampage  .   (no gloves)
Will     .....                  (no barding)
Stlth    +++.......             (no amulet)
HPRegen  0.11/turn              (no ring)
MPRegen  0.08/turn              (no ring)

@: brilliant, very slow
A: large, see invisible, deformed body, poison resistance, slowness 2, spit
poison 1, AC +1
a: Spit Poison


You were on level 4 of the Dungeon.
You visited 1 branch of the dungeon, and saw 2 of its levels.


Innate Abilities, Weirdness & Mutations

You cannot wear boots.
Your serpentine skin is tough. (AC +1)
You have supernaturally acute eyesight. (SInv)
Armour fits poorly on your strangely shaped body.
Your system is resistant to poisons. (rPois)
You cover ground very slowly.
You can spit poison.


   Skills:
 + Level 3.2 Fighting
 + Level 2.3 Axes
 - Level 1.5 Dodging
 - Level 8.0 Stealth


You had 2 spell levels left.
You didn't know any spells.
Your spell library was empty.

Inventory:

Hand Weapons
 a - a +0 hand axe (weapon)
Armour
 b - a +0 leather armour (worn)
 h - a +0 cloak (worn)
Wands
 g - a wand of digging (10)
Scrolls
 c - a scroll of fog
 d - a scroll of magic mapping
Potions
 f - a potion of haste {@q3}

Dungeon Overview and Level Annotations

Branches:
Dungeon (5/15)
 Temple: D:4-7

Altars:

Annotations:
D:4 Sigmund

..... ▒▒▒ ▒.....
▒.. ...... ▒.▒
..!... ▒.▒▒(...
▒.▒...
▒▒▒▒▒▒▒▒▒▒
▒▒▒.▒.▒
▒........▒
▒.)...▒
▒.?......▒
▒▒...▒▒▒
▒.N......▒
▒....▒▒
▒▒▒▒▒▒▒@.....£.▒
....@.▒
▒.......▒.▒▒▒▒▒▒
..▒▒▒.▒
▒.▒▒▒▒▒▒▒.▒
......▒▒▒.▒ .▒
)▒▒▒....@.▒ ▒▒
.▒▒......▒▒
....▒▒.▒....
..............


You could see Sigmund.


Message History

The splash of poison hits Sigmund!
Sigmund is poisoned.
Sigmund is heavily wounded.
Sigmund barely misses you.
You closely miss Sigmund.
Sigmund is severely wounded.
Sigmund gestures at you while chanting. The magic dart hits you.
You hit Sigmund.
Sigmund is severely wounded.
You have got your breath back.
Sigmund hits you but does no damage.
You hit Sigmund.
Sigmund is severely wounded.
Sigmund gestures at you while chanting. The puff of flame hits you!
* * * LOW HITPOINT WARNING * * *
You hit Sigmund but do no damage.
Sigmund is severely wounded.
Sigmund points at you and mumbles some strange words.
The puff of flame hits you!
* * * LOW HITPOINT WARNING * * *
You barely miss Sigmund.
Sigmund is almost dead.
Sigmund barely misses you.
It was a potion of brilliance.
You feel clever all of a sudden.
Sigmund looks more healthy.
Sigmund hits you with a +1 scythe of flaming!
You die...

Action                   || total
-------------------------++-------
Melee: Hand axe          ||    11
 Abil: Spit Poison       ||     8
  Use: Scroll            ||     1
       Potion            ||     1
Armor: Leather armour    ||     3
Dodge: Dodged            ||     3

Levels and vault maps discovered:
D:4:      wad_lake_hut, layout_rooms, general_overflow_altar,
          minmay_temple_entry_hall, uniq_duvessa, uniq_sigmund, uniq_ijyb
D:5:      kennysheep_spiral_hall, layout_loops_ring, basic_altar,
          nemelex_diamond_rough_becter

Notes
Turn   | Place    | Note
-------+----------+-------------------------------------------
     0 | D:5      | sanka the Naga Delver began the quest for the Orb.
     0 | D:5      | Reached XP level 1. HP: 21/21 MP: 1/1
    27 | D:5      | Noticed a sky beast
   161 | D:5      | Noticed a hound
   173 | D:4      | Noticed a worker ant
   177 | D:4      | Killed a worker ant
   178 | D:4      | Reached skill level 8 in Stealth
   178 | D:4      | Reached XP level 2. HP: 28/28 MP: 2/2
   203 | D:4      | Reached XP level 3. HP: 25/34 MP: 3/3
   279 | D:4      | Noticed Sigmund
   316 | D:4      | Slain by Sigmund

Vanquished Creatures
  A worker ant (D:4)
  An orc (D:4)
  A frilled lizard (D:4)
3 creatures vanquished.

Table legend: (Time is in decaauts)
 A = Elapsed time spent in this place.
 B = Non-inter-level travel time spent in this place.
 C = Inter-level travel time spent in this place.
 D = Time resting spent in this place.
 E = Time spent auto-exploring this place.
 F = Levels seen in this place.
 G = Mean time per level.
                   A        B        C        D        E       F      G
               +--------+--------+--------+--------+--------+-----+--------+
         Total |    360 |    358 |      2 |    169 |     64 |   2 |  180.0 |
       Dungeon |    360 |    358 |      2 |    169 |     64 |   2 |  180.0 |
               +--------+--------+--------+--------+--------+-----+--------+

Top non-repeatable levels by time:
     D:5: 201 daAuts
     D:4: 158 daAuts
